[Event "*** MasterClass Titled Tuesday Blitz"]
[Site "Chess.com"]
[Date "2017.12.05"]
[Round "6"]
[White "Winehouse83"]
[Black "Bryakin_Mikhail"]
[Result "1-0"]
[WhiteElo "2396"]
[BlackElo "2547"]
[TimeControl "180+2"]
[EndTime "15:32:24 PST"]
[Termination "Winehouse83 won by resignation"]

1. d4 Nf6 2. c4 g6 3. Nc3 Bg7 4. e4 d6 5. Be2 O-O 6. Bg5 h6 7. Be3 e5 8. d5 a5 9. g4 Na6 10. h4 Ne8 11. Qd2 Kh7 12. h5 g5 13. f3 Nf6 14.
O-O-O Nd7 15. Bd3 Ndc5 16. Nge2 Bd7 17. Ng3 a4 18. Nf5 Nb4 19. Bxc5 dxc5 20. a3 Na6 21. Bc2 Nb8 22. d6 Ra6 23. dxc7 Qxc7 24. Nd5 Qd8 25.
Nde3 Bf6 26. Qd5 Qc8 27. Nd6 Be6 28. Nxc8 Bxd5 29. exd5+ Kh8 30. Bf5 e4 31. fxe4 Bd4 32. Nc2 Be5 33. d6 Nc6 34. Rd5 Bf4+ 35. Kb1 Ra8 36. Nb6 Rad8 37. Nd7 Rg8 38. Nf6 Rgf8 39. Rhd1 Kg7 40. Nd7 Rh8 41. Nxc5 b6 42. Nd3 Bg3 43.
e5 Rhe8 44. Ncb4 Na5 45. d7 Re7 46. Rb5 Nb3 47. Nc6 Rdxd7 48. Bxd7 Rxd7 49. Rd5 Rc7 50. Ndb4 Nc5 51. Nd4 Bf4 52. Nf5+ Kh7 53. Nd3 Nxd3 54.
R5xd3 Rxc4 55. Rd7 Kg8 56. Rd8+ Kh7 57. R1d7 1-0

[Event "*** MasterClass Titled Tuesday Blitz"]
[Site "Chess.com"]
[Date "2017.12.05"]
[Round "6"]
[White "MITerryble"]
[Black "tigra"]
[Result "1/2-1/2"]
[WhiteElo "2670"]
[BlackElo "2662"]
[TimeControl "180+2"]
[EndTime "15:32:27 PST"]
[Termination "Game drawn by repetition"]

1. d4 Nf6 2. Nf3 e6 3. c4 d5 4.
e3 Be7 5. Bd3 O-O 6. b3 b6 7.
O-O Bb7 8. Bb2 Nbd7 9. Nbd2 Re8 10. Ne5 Ne4 11. Nxd7 Nxd2 12. Qxd2 Qxd7 13. Qc2 h6 14. c5 a5 15. Rac1 bxc5 16. dxc5 Ba6 17. c6 Qd8 18. Rfd1 Bf6 19. e4 Bxb2 20. Qxb2 Qg5 21. Bxa6 Rxa6 22. Qe2 Raa8 23. Rc5 Qe7 24. Rc2 a4 25. exd5 axb3 26.
axb3 exd5 27. Qxe7 Rxe7 28. g3 Rd8 29. Rd4 Re4 30. Rd3 Rb4 31. Rc5 d4 32. Kg2 f6 33.
Kf3 Kf7 34. Ke4 Ke6 35. f4 Rd6 36. f5+ Kf7 37. g4 Rd8 38. Rc4 Rb6 39. Rdxd4 Rxd4+ 40. Rxd4 Rxc6 41. Rd7+ Kg8 42. h4 Rc3 43. Kf4 c6 44. Rc7 c5 45. g5 hxg5+ 46. hxg5 fxg5+ 47. Kxg5 Rxb3 48. Rxc5 Rb6 49. Rc7 Rf6 50. Rd7 Rh6 51. Rc7 Rf6 52. Rd7 Rh6 53. Rc7 Rf6 54. Rd7 Rh6 55.
Rc7 Rf6 56. Rd7 Rf7 57. Rd8+ Rf8 58. Rd4 Rf7 59. Rd6 Kh7 60. Rd4 Rf6 61. Rh4+ Kg8 62.
Ra4 Kh7 63. Rh4+ Kg8 64. Ra4 Kh7 65. Rh4+ Kg8 1/2-1/2

[Event "*** MasterClass Titled Tuesday Blitz"]
[Site "Chess.com"]
[Date "2017.12.05"]
[Round "6"]
[White "Zenzo"]
[Black "ChessWarrior7197"]
[Result "0-1"]
[WhiteElo "2489"]
[BlackElo "2657"]
[TimeControl "180+2"]
[EndTime "15:32:30 PST"]
[Termination "ChessWarrior7197 won by checkmate"]

1. e4 e5 2. Nf3 Nc6 3. Bb5 Nf6 4.
d3 d6 5. O-O g6 6. c3 Bg7 7. Nbd2 O-O 8. Re1 a6 9. Ba4 b5 10. Bc2 Bb7 11. a4 Re8 12. Nf1 b4 13. Ne3 bxc3 14. bxc3 d5 15. exd5 Nxd5 16. Nxd5 Qxd5 17.
Bb3 Qd7 18. Ng5 Nd8 19. Ba3 Bd5 20. c4 Bc6 21. Rb1 h6 22. Ne4 Ne6 23. Nc5 Nxc5 24. Bxc5 Rab8 25. a5 e4 26. d4 Qf5 27. d5 Bd7 28.
Bc2 Rbc8 29. Bd4 Bf8 30. Qe2 Qg5 31. Rb7 Bg4 32. Qe3 Qxe3 33. Rxe3 Bf5 34. h3 h5 35. Ra7 c6 36. Ba4 Rb8 37. Bxc6 Rb1+ 38. Kh2 Bd6+ 39. g3 Reb8 40. Bb6 Rb2 41. Kg2 Rc2 42.
g4 hxg4 43. hxg4 Bxg4 44. Rxe4 Bf5 45. Rd4 Kg7 46. Ra8 Rxa8 47. Bxa8 Rc3 48. c5 Bh3+ 49. Kg1 Rc1+ 50. Rd1 Rxd1# 0-1

[Event "*** MasterClass Titled Tuesday Blitz"]
[Site "Chess.com"]
[Date "2017.12.05"]
[Round "6"]
[White "tteshan"]
[Black "hhbcd_grob_bes"]
[Result "1/2-1/2"]
[WhiteElo "2015"]
[BlackElo "1583"]
[TimeControl "180+2"]
[EndTime "15:32:30 PST"]
[Termination "Game drawn by agreement"]

1. d4 Nf6 2. c4 c6 3. Nc3 d5 4. e3 Bf5 5. cxd5 cxd5 6. Qb3 b6 7.
Bb5+ Bd7 8. Nxd5 Bxb5 9. Qxb5+ Nbd7 10. Nxf6+ exf6 11. Nf3 Rc8 12. Bd2 Bd6 13. O-O O-O 14.
e4 Re8 15. Qd3 Bb8 16. Bb4 a5 17. Ba3 Ne5 18. Nxe5 Bxe5 19. d5 Qc7 20. Rad1 Bxh2+ 21. Kh1 Bd6 22. Bxd6 Qxd6 23. Rc1 f5 24. Rxc8 Rxc8 25. exf5 Qh6+ 26. Kg1 Rc1 27. d6 Rxf1+ 28. Kxf1 Qc1+ 29. Ke2 Qxb2+ 30. Kf3 Qf6 31. d7 Qd8 32. Qa6 Kf8 33. Qc8 Ke7 34. Qc6 Qxd7 35. Qe4+ Kd8 36. Qa8+ Ke7 37.
Qe4+ Kd8 38. Qa8+ Kc7 39. Qe4 Qc6 40. Kf4 Qxe4+ 41. Kxe4 Kc6 42. Kd4 g6 43. fxg6 fxg6 44. f4 h6 45. g4 b5 46. a3 b4 47. axb4 axb4 48. Kc4 b3 49. Kxb3 Kd5 50. f5 gxf5 51.
gxf5 Ke5 52. Kc3 Kxf5 53. Kd3 Kg4 54. Ke2 Kg3 55. Kf1 Kh2 56. Kf2 h5 57. Kf1 h4 58.
Kf2 h3 59. Kf1 Kg3 60. Kg1 Kh4 61. Kh2 Kg4 62. Kh1 Kf3 63. Kh2 1/2-1/2

[Event "*** MasterClass Titled Tuesday Blitz"]
[Site "Chess.com"]
[Date "2017.12.05"]
[Round "6"]
[White "TheMagician"]
[Black "ZCorrales"]
[Result "0-1"]
[WhiteElo "2180"]
[BlackElo "2168"]
[TimeControl "180+2"]
[EndTime "15:32:31 PST"]
[Termination "ZCorrales won by checkmate"]

1. d4 Nf6 2. Nf3 g6 3. g3 Bg7 4.
Bg2 d5 5. O-O O-O 6. Bf4 c5 7. c3 Ne4 8. Nbd2 Nc6 9. dxc5 Nxc5 10.
Nb3 Na4 11. Bc1 Nb6 12. Nbd4 e5 13. Nc2 Nc4 14. Ne3 Nb6 15. a4 d4 16. cxd4 exd4 17. Nc2 Nc4 18. Ra2 Be6 19. b3 N4a5 20. Na1 d3 21. exd3 Nb4 22. Bd2 Nxa2 23. Ng5 Nc3 24. Nxe6 fxe6 25. Qe1 Qf6 26. Bxc3 Qxc3 27. Qxe6+ Kh8 28.
Be4 Rae8 29. Qh3 Qf6 30. b4 Nc6 31. b5 Na5 32. Nc2 b6 33. Ne3 Rxe4 34. dxe4 Nb3 35. Qd7 Qf7 36. Qxf7 Rxf7 37. Nd5 Nd2 38. Rd1 Nxe4 39. f4 h6 40. Nb4 Nc5 41. a5 bxa5 42. Nc6 a4 43. Rc1 Nb3 44. Rc4 a3 45. Ra4 Bb2 46.
Nxa7 Rxa7 47. Rxa7 Bd4+ 48. Kg2 Bxa7 49. f5 gxf5 50. b6 Bxb6 51. Kf3 a2 52. g4 fxg4+ 53. Kxg4 a1=Q 54. Kf5 Qf1+ 55. Ke6 Qe2+ 56. Kd5 Qd3+ 57. Kc6 Qc4+ 58. Kxb6 Qc5+ 59. Kb7 Nd4 60. Ka6 Qb5+ 61. Ka7 Nc6+ 62. Ka8 Qb8# 0-1

[Event "*** MasterClass Titled Tuesday Blitz"]
[Site "Chess.com"]
[Date "2017.12.05"]
[Round "6"]
[White "maciek_92"]
[Black "walkingcreep"]
[Result "1-0"]
[WhiteElo "2573"]
[BlackElo "2407"]
[TimeControl "180+2"]
[EndTime "15:32:34 PST"]
[Termination "maciek_92 won by resignation"]

1. c4 Nf6 2. Nc3 g6 3. g3 Bg7 4.
Bg2 O-O 5. d4 d6 6. Nf3 Nc6 7.
O-O Bf5 8. b3 Ne4 9. Nd5 Bd7 10.
Bb2 e6 11. Nf4 Qe7 12. Qc2 f5 13. a3 g5 14. Nh5 Bh8 15. g4 Be8 16. d5 Bxb2 17.
Qxb2 Bxh5 18. gxh5 Nd8 19. Nd4 e5 20. Nxf5 Rxf5 21.
Bxe4 Rf4 22. Qc2 Kh8 23. e3 Rh4 24. f3 Rxh5 25. Kh1 Nf7 26. Rg1 Rg8 27. Rg3 Rh4 28.
Rag1 Qf6 29. b4 Qh6 30. R1g2 g4 31. fxg4 Ng5 32. Bf5 Qf6 33. e4 Nh3 34. Qc3 Nf4 35. Rf2 Qg5 36. Kg1 h6 37. c5 h5 38. cxd6 cxd6 39. Qc7 hxg4 40. Qxd6 Nh3+ 41. Kg2 Nxf2 42. Qxe5+ Rg7 43. Qe8+ Rg8 44. Qe5+ Rg7 45. Qb8+ Rg8 46. Qe5+ Rg7 47. Rc3 Qd8 48. Kxf2 g3+ 49. hxg3 Rh2+ 50. Kf3 Qe7 51. Rc8+ 1-0

[Event "*** MasterClass Titled Tuesday Blitz"]
[Site "Chess.com"]
[Date "2017.12.05"]
[Round "6"]
[White "Koksik_13"]
[Black "likantrophuss"]
[Result "1-0"]
[WhiteElo "2325"]
[BlackElo "2451"]
[TimeControl "180+2"]
[EndTime "15:32:43 PST"]
[Termination "Koksik_13 won by resignation"]

1. e4 Nf6 2. Nc3 d6 3. d4 e5 4. Nf3 exd4 5. Nxd4 Be7 6. Bd3 O-O 7. O-O c5 8. Nde2 Nc6 9. Ng3 a6 10. a4 Nb4 11. Bf4 Be6 12. Qd2 Re8 13. Rad1 Qa5 14. Rfe1 Nxd3 15. cxd3 Qb4 16. h3 Bb3 17. Ra1 g6 18. Bg5 Qd4 19. Kh1 c4 20. Ra3 d5 21.
Bxf6 Bxf6 22. Nxd5 Qxb2 23. Qxb2 Bxb2 24. Rxb3 cxb3 25.
Rb1 Be5 26. f4 Bxf4 27. Nxf4 b5 28. axb5 a5 29. Rxb3 a4 30. Ra3 Reb8 31. Nge2 Rxb5 32. Nc3 Rb3 33. Rxa4 Rxa4 34. Nxa4 g5 35. Nd5 Rxd3 36. Nac3 Kg7 37. Kg1 Rd2 38. Kh2 h5 39. Kg3 Kg6 40. Kf3 f6 41. Ne2 Rd3+ 42. Kf2 Ra3 43. Nd4 Rd3 44. Nf5 Rd2+ 45. Ke3 Ra2 46. Kd4 Rxg2 47. Nh4+ gxh4 48. Nf4+ Kg5 49. Nxg2 f5 50. e5 f4 51. Nxf4 Kxf4 52. e6 Kg3 53. e7 Kxh3 54. e8=Q Kg2 55.
Qg6+ Kh2 56. Ke3 h3 57. Kf2 1-0

[Event "*** MasterClass Titled Tuesday Blitz"]
[Site "Chess.com"]
[Date "2017.12.05"]
[Round "6"]
[White "gmjoey1"]
[Black "EndgameGrinder"]
[Result "1/2-1/2"]
[WhiteElo "2496"]
[BlackElo "2433"]
[TimeControl "180+2"]
[EndTime "15:32:44 PST"]
[Termination "Game drawn by repetition"]

1. Nc3 c5 2. f4 Nc6 3. Nf3 Nf6 4. e4 d5 5. e5 Ne4 6. d3 Nxc3 7. bxc3 Bg4 8. h3 Bxf3 9. Qxf3 e6 10. Bd2 h5 11. g3 Be7 12. Bg2 Qb6 13. O-O c4+ 14. d4 g6 15. Rab1 Qc7 16. a4 b6 17. g4 hxg4 18.
hxg4 O-O-O 19. f5 gxf5 20. gxf5 Rdg8 21. Rf2 Bg5 22. fxe6 fxe6 23. Rbf1 Bxd2 24. Rxd2 Rg6 25. Qf4 Rhg8 26. Rf3 Qg7 27. Qh2 Ne7 28. Rh3 Qf8 29.
Rf2 Nf5 30. Rh7 R6g7 31. Rxg7 Qxg7 32. Qh3 Kb7 33. Kf1 Qg3 34. Bxd5+ exd5 35. Qxf5 Ka6 36. Qd7 Qg1+ 37. Ke2 Qb1 38. Qb5+ Qxb5 39. axb5+ Kxb5 40. Rf7 a5 41. Rd7 Rg2+ 42. Kd1 Rg1+ 43. Kd2 a4 44. Rxd5+ Kc6 45. Rd8 b5 46. e6 Rg7 47. d5+ Kc7 48. Ra8 Kd6 49. Rd8+ Kc7 50. Ra8 Kd6 51. Ra5 Rb7 52.
Ra6+ Kxd5 53. Kc1 Re7 54. Rb6 Kc5 55. Ra6 Kd5 56. Rb6 Kc5 57. Ra6 Kd5 58. Rb6 Kc5 59.
Ra6 Kd5 60. Rb6 Kc5 61. Ra6 1/2-1/2

[Event "*** MasterClass Titled Tuesday Blitz"]
[Site "Chess.com"]
[Date "2017.12.05"]
[Round "6"]
[White "1random"]
[Black "ppchess2017"]
[Result "1-0"]
[WhiteElo "2191"]
[BlackElo "1790"]
[TimeControl "180+2"]
[EndTime "15:32:48 PST"]
[Termination "1random won by resignation"]

1. e4 d5 2. exd5 Nf6 3. d4 c6 4.
dxc6 Nxc6 5. Nf3 e5 6. Bb5 e4 7. Ne5 Bd7 8. Nxd7 Qxd7 9. O-O O-O-O 10. Nc3 Qxd4 11. Qxd4 Nxd4 12. Ba4 Bb4 13. Bg5 h6 14.
Bxf6 gxf6 15. Nxe4 Rhg8 16. c3 Ne2+ 17. Kh1 Ba5 18.
g3 f5 19. Nc5 f4 20. Kg2 Bb6 21. Nb3 Rd3 22. Rfd1 Rgd8 23. Rxd3 Rxd3 24. Bb5 f3+ 25. Kf1 Rd5 26. Bxe2 fxe2+ 27. Kxe2 Re5+ 28. Kf1 Rf5 29. f4 h5 30. Ke2 h4 31. Kf3 hxg3 32. hxg3 Rd5 33.
Ke4 Rb5 34. Rh1 Kd7 35. g4 Ke7 36. g5 a5 37. Rh2 Bc7 38. Nd4 Rb6 39. Nf5+ Ke6 40. Rh6+ Kd7 41. Rxb6 Bxb6 42. Nh6 Ke7 43. Ng4 Bg1 44. c4 b6 45. Kd5 Bc5 46. b3 Bg1 47. f5 Bc5 48. f6+ Kf8 49. Ke5 Ba3 50. Kf5 Bc5 51.
Ne5 Bb4 52. g6 fxg6+ 53. Kxg6 Ke8 54. f7+ Kd8 55. Kg7 Kc7 56. Nd3 Bd6 57. f8=Q Bxf8+ 58. Kxf8 Kc6 59. Kf7 b5 60. Ke6 bxc4 61. bxc4 a4 62. Ke5 Kb6 63. Kd4 Ka5 64. Kc3 Kb6 65. Kb4 a3 66. Kxa3 1-0

[Event "*** MasterClass Titled Tuesday Blitz"]
[Site "Chess.com"]
[Date "2017.12.05"]
[Round "6"]
[White "Khamrakulov_Djurabek"]
[Black "JusticeBot"]
[Result "1-0"]
[WhiteElo "2673"]
[BlackElo "2566"]
[TimeControl "180+2"]
[EndTime "15:33:06 PST"]
[Termination "Khamrakulov_Djurabek won by resignation"]

1. e4 e5 2. Nf3 Nc6 3. d4 exd4 4. Nxd4 Nf6 5. Nxc6 bxc6 6. e5 Qe7 7. Qe2 Nd5 8. c4 Ba6 9. b3 g5 10. g3 Bg7 11. Bb2 O-O-O 12. Bg2 Rde8 13. O-O Bxe5 14.
Qxe5 Qxe5 15. Bxe5 Rxe5 16. cxd5 Bxf1 17. Kxf1 cxd5 18.
Nc3 c6 19. Rd1 Kd8 20. Bf3 h5 21. Rd4 g4 22. Be2 Rhe8 23. Ra4 R8e6 24. h3 gxh3 25. Rh4 h2 26. Bxh5 d4 27. Nd1 d3 28. Kg2 Rxh5 29. Rxh5 Re1 30. Nc3 d2 31. Rxh2 Rc1 32. Kf3 Rxc3+ 33.
Ke2 Rc2 34. a4 Rb2 35. Rh5 d5 36. Rh8+ Kc7 37. Rf8 a5 38. Rxf7+ Kb6 39. Rf3 c5 40. g4 c4 41. bxc4 dxc4 42. g5 Rc2 43. Kd1 Ra2 44.
g6 Ra1+ 45. Kxd2 Rg1 46. Rg3 c3+ 47. Kc2 Rf1 48. Rg2 Re1 49. g7 Re8 1-0

[Event "*** MasterClass Titled Tuesday Blitz"]
[Site "Chess.com"]
[Date "2017.12.05"]
[Round "6"]
[White "oogee"]
[Black "abubakrtagelsir"]
[Result "1-0"]
[WhiteElo "2127"]
[BlackElo "2285"]
[TimeControl "180+2"]
[EndTime "15:33:08 PST"]
[Termination "oogee won by resignation"]

1. d4 d5 2. c4 c6 3. Nf3 Nf6 4.
Qc2 dxc4 5. Qxc4 Bf5 6. g3 e6 7. Bg2 Nbd7 8. e3 Be7 9. O-O O-O 10. Rd1 h6 11. Qe2 Ne4 12. Ne1 Qb6 13. f3 Nef6 14.
e4 Bg6 15. Be3 Qa5 16. Nc3 Rad8 17. Nd3 Nb6 18. Bf2 Nfd7 19. a3 Nc8 20. b4 Qc7 21. Rac1 Ndb6 22. Nc5 Bf6 23. a4 Nd7 24. d5 exd5 25.
exd5 Rfe8 26. Qa2 Nxc5 27. bxc5 Bxc3 28. Rxc3 cxd5 29. Rxd5 Rxd5 30. Qxd5 Ne7 31. Qd6 Qxd6 32. cxd6 Nc6 33. f4 Rd8 34. Bxc6 bxc6 35. Rxc6 Rd7 36.
g4 Be4 37. Ra6 Bd3 38. Rc6 f6 39. Bc5 g6 40. Kf2 Kf7 41. Ke3 Bf1 42. Rc7 Ke8 43.
Rxa7 Rxa7 44. Bxa7 Kd7 45. Bc5 Bh3 46. Kf3 h5 47. gxh5 gxh5 48. Kg3 Be6 49. Kh4 Bg4 50. a5 Be2 51. f5 Bg4 52. a6 Bxf5 53. Kxh5 Kc6 54. a7 Kb7 55. h4 Ka8 56. Bd4 Kb7 57. Kh6 Bd7 58. h5 f5 59. Kg5 f4 60. Kxf4 1-0

[Event "*** MasterClass Titled Tuesday Blitz"]
[Site "Chess.com"]
[Date "2017.12.05"]
[Round "6"]
[White "mikhaillushenkov"]
[Black "penguingm1"]
[Result "1-0"]
[WhiteElo "2595"]
[BlackElo "2616"]
[TimeControl "180+2"]
[EndTime "15:33:20 PST"]
[Termination "mikhaillushenkov won by resignation"]

1. Nf3 d5 2. e3 Nf6 3. c4 e6 4. b3 Be7 5. Bb2 O-O 6. g3 c5 7.
Bg2 Nc6 8. cxd5 Nxd5 9. O-O b6 10. d4 Bb7 11. Nc3 cxd4 12. Nxd5 exd5 13. Nxd4 Bf6 14. Rc1 Qd7 15. Qd2 Ne5 16. Rfd1 Rfd8 17. h3 g6 18. Kh2 h5 19. Nf3 Nxf3+ 20. Bxf3 Bxb2 21. Qxb2 Qf5 22. Kg2 Rac8 23. Qd4 Qe6 24. g4 Rxc1 25.
Rxc1 hxg4 26. hxg4 Re8 27. Rc7 Re7 28. Rxb7 Rxb7 29.
Bxd5 Qd7 30. Bxb7 Qxb7+ 31. e4 Qa6 32. a4 Qe2 33. Kg3 Qc2 34. Qe3 Qd1 35. f3 Qd6+ 36. e5 Qd5 37. Qc3 Kh7 38. Qe3 Kg8 39. Qc3 Kh7 40.
Kf4 Kh6 41. Qe3 Kg7 42. Qc3 Kh6 43. Ke3 Kh7 44. b4 Qa2 45. a5 bxa5 46. bxa5 a6 47. Kd4 Qa4+ 48. Kc5 Qd7 49. Kb6 Qb5+ 50. Ka7 Kg8 51. Qc7 Qd3 52. Qc8+ Kg7 53. Qxa6 Qxf3 54. Qf6+ Qxf6 55. exf6+ Kxf6 56. Kb6 Kg5 57. a6 Kxg4 58.
a7 f5 59. a8=Q g5 60. Kc5 Kg3 61. Kd4 f4 62. Qh1 g4 63. Qg1+ Kf3 64. Kd3 g3 65. Qf1+ 1-0

[Event "*** MasterClass Titled Tuesday Blitz"]
[Site "Chess.com"]
[Date "2017.12.05"]
[Round "6"]
[White "Marcin"]
[Black "wonderfultime"]
[Result "0-1"]
[WhiteElo "2221"]
[BlackElo "2733"]
[TimeControl "180+2"]
[EndTime "15:33:29 PST"]
[Termination "wonderfultime won by resignation"]

1. d4 d5 2. c4 c6 3. Nf3 Nf6 4. Nc3 a6 5. e3 Bf5 6. Ne5 e6 7. g4 Bg6 8. h4 dxc4 9. Bxc4 Be4 10. Nxe4 Nxe4 11. Qf3 Nd6 12. Bb3 Nd7 13. Nd3 Be7 14.
g5 a5 15. Bd2 a4 16. Bc2 Qb6 17. Rb1 Qb5 18. Nf4 Nc4 19. Bc3 Bb4 20. O-O Bxc3 21. bxc3 Nd2 22. Qh5 Nxb1 23. Nxe6 g6 24. Nc7+ Kd8 25.
Nxb5 gxh5 26. Nd6 Nxc3 27. Nxf7+ Kc7 28. Nxh8 Rxh8 29. a3 Nb6 30. Bd3 Ncd5 31. Kh2 Nd7 32. Kg3 b5 33. e4 N5b6 34. f4 Nc4 35. Bxc4 bxc4 36. f5 Kd6 37. e5+ Ke7 38. e6 Nb6 39.
Re1 Nd5 40. Kf3 c3 41. Ke4 Kd6 42. Kd3 Rb8 43. f6 Re8 44. e7 Kd7 45. Kc4 Rb8 46. Kd3 Ke8 47. Rf1 Kf7 48. Re1 Re8 49. Kc4 Rb8 50.
Kd3 Nc7 51. Kxc3 Rb3+ 52. Kc4 Rxa3 53. Kc5 Rc3+ 54. Kd6 Ne8+ 55. Kd7 Rc4 56. Re4 a3 57. Re3 Rxd4+ 58. Kxc6 Ra4 59. Re1 a2 60. Ra1 h6 61.
Kd7 Rd4+ 62. Kc8 Rxh4 63. gxh6 Nxf6 64. Rf1 Rc4+ 65. Kd8 Rd4+ 66. Kc8 Kxe7 67. Ra1 Ra4 68. Kc7 h4 69. Kc6 Kf7 70. Kb5 Ra8 0-1

[Event "*** MasterClass Titled Tuesday Blitz"]
[Site "Chess.com"]
[Date "2017.12.05"]
[Round "6"]
[White "Blitzstream"]
[Black "dusanacns"]
[Result "1-0"]
[WhiteElo "2532"]
[BlackElo "2605"]
[TimeControl "180+2"]
[EndTime "15:33:54 PST"]
[Termination "Blitzstream won on time"]

1. g4 g6 2. h4 d5 3. g5 h6 4.
Bg2 hxg5 5. hxg5 Rxh1 6. Bxh1 e5 7. d4 e4 8. c4 c6 9. Nc3 Be6 10. Bf4 Bd6 11. Qd2 Ne7 12. f3 Qc7 13. Bxd6 Qxd6 14. fxe4 Qh2 15. O-O-O Qxh1 16. Nf3 Qh3 17. Qf4 Nd7 18.
exd5 cxd5 19. Nb5 Kf8 20. c5 Nf5 21. Nc7 Rc8 22. Rd3 Qg3 23. Qxg3 Nxg3 24. Nb5 Nxe2+ 25. Kd2 Ng3 26. Nxa7 Ra8 27. Ra3 Ne4+ 28. Ke3 f6 29. gxf6 Ndxf6 30. Ne5 Ng4+ 31. Kf4 Nxe5 32. Kxe5 Bf7 33.
b4 Re8+ 34. Kf4 g5+ 35. Kf5 Kg7 36. b5 Be6+ 37. Ke5 Bf7+ 38. Kf5 Bg6+ 39. Kg4 Kh6 40. c6 bxc6 41. Nxc6 Bh5+ 42. Kh3 Re6 43. Ne5 Rb6 44.
Ra6 Rd6 45. a4 Be8 46. Ra8 Re6 47. Rc8 Nf6 48. Rc7 g4+ 49. Kg3 Kg5 50. Rg7+ Kf5 51.
Rb7 Ne4+ 52. Kg2 Rh6 53. Re7 Nf6 54. Nd3 Rh3 55. Re5+ Kg6 56. Nf4+ Kf7 57. Nxh3 gxh3+ 58. Kxh3 Bd7+ 59. Kg3 Ne4+ 60. Kf4 Nc3 61. b6 Bc6 62. a5 Bb7 63. Rh5 Ke6 64. Rh7 1-0

[Event "*** MasterClass Titled Tuesday Blitz"]
[Site "Chess.com"]
[Date "2017.12.05"]
[Round "6"]
[White "VampirePrincessMiu"]
[Black "ZABDIELBLANCO"]
[Result "1/2-1/2"]
[WhiteElo "1000"]
[BlackElo "1224"]
[TimeControl "180+2"]
[EndTime "15:33:59 PST"]
[Termination "Game drawn by stalemate"]

1. d3 c5 2. c3 e6 3. Nd2 d5 4. Qc2 Nc6 5. e4 d4 6. Ngf3 e5 7. Be2 g6 8. h3 Bg7 9. Nf1 Nge7 10. g4 O-O 11. Ng3 f5 12. gxf5 gxf5 13. Bg5 f4 14. Nf5 Rf7 15. Nh6+ Bxh6 16. Bxh6 Ng6 17. Rg1 Bxh3 18.
Ng5 Rc7 19. Nxh3 Qh4 20. Qb3+ Rf7 21. Ng5 Nd8 22. O-O-O Qxh6 23. Nxf7 Nxf7 24. Rh1 Qg5 25. Qxb7 f3+ 26. Kb1 fxe2 27. Qxa8+ Kg7 28. Rdg1 Qd2 29. Re1 Qxd3+ 30. Kc1 dxc3 31. bxc3 Qxc3+ 32. Kb1 Qd3+ 33. Ka1 a6 34. Qa7 c4 35. Qe3 Qd4+ 36. Qxd4 exd4 37. Rxe2 d3 38. Rd2 Nfe5 39. Kb2 a5 40. Kc3 h5 41. Kd4 h4 42. Rg1 Kf6 43. f3 Nxf3+ 44. Kxc4 Nxd2+ 45. Kxd3 Nf3 46. Rf1 Ne5+ 47. Ke3 Kg5 48.
a4 h3 49. Rh1 h2 50. Kf2 Kf4 51. Rxh2 Nxh2 52. Ke2 Kxe4 53. Kd2 Kd4 54. Kc2 Kc4 55. Kb2 Nd3+ 56. Ka3 Nf3 57. Ka2 Kb4 58. Kb1 Nfe5 59. Kc2 Kxa4 60. Kb1 Kb4 61. Ka2 a4 62. Kb1 Nf3 63. Ka2 Nde1 64. Kb2 a3+ 65. Ka2 Ka4 66. Kb1 Kb3 67. Kc1 a2 68. Kd1 a1=Q+ 69. Ke2 Qe5+ 70. Kf2 Kc3 71. Kf1 Nd3 72. Kg2 Nh4+ 73. Kh3 Ng6 74.
Kg4 Qf4+ 75. Kh5 Qh4+ 76. Kxg6 Nf4+ 77. Kf5 Kd4 1/2-1/2

[Event "*** MasterClass Titled Tuesday Blitz"]
[Site "Chess.com"]
[Date "2017.12.05"]
[Round "6"]
[White "Jumbo"]
[Black "champ2005"]
[Result "1-0"]
[WhiteElo "2491"]
[BlackElo "2435"]
[TimeControl "180+2"]
[EndTime "15:34:06 PST"]
[Termination "Jumbo won by resignation"]

1. e4 c6 2. Nf3 d5 3. Nc3 Nf6 4. e5 Ne4 5. Ne2 Qb6 6. d4 e6 7.
Ng3 c5 8. Bd3 Nxg3 9. hxg3 cxd4 10. Nxd4 Bc5 11. Rh4 Nc6 12. Bb5 Bd7 13. Bxc6 bxc6 14.
c3 Bxd4 15. Rxd4 Qc7 16. Qe2 h6 17. Rh4 c5 18. g4 Rb8 19. Rh5 Bb5 20. Qe3 d4 21.
Qg3 dxc3 22. Qxc3 Qc6 23. f3 Rd8 24. Be3 Rd5 25. Rc1 O-O 26. Bxc5 Rc8 27. Bxa7 Qxc3+ 28. Rxc3 Rxc3 29. bxc3 Bc4 30. Bd4 Ra5 31. g5 hxg5 32.
Rxg5 Rxa2 33. Bc5 Re2+ 34. Kd1 Ra2 35. Be7 Kh7 36. Bf8 g6 37. Be7 Ra1+ 38. Kd2 Rh1 39.
Ke3 Bd5 40. Rg4 Kg8 41. Rb4 Re1+ 42. Kf2 Rd1 43. Rb8+ Kh7 44. Bf6 g5 45. Rc8 Rc1 46. g4 Rc2+ 47. Ke3 Rc1 48. Rf8 Kg6 49. Rg8+ Kh7 50. Rxg5 Rf1 51. Rh5+ Kg6 52. Rh3 Rc1 53. Kd4 Rd1+ 54. Ke3 Rc1 55. Kf4 Rxc3 56. g5 Rc4+ 57. Ke3 Kf5 58. Rh7 Rc3+ 59. Kd4 Rxf3 60. Rxf7 Kg6 61.
Rg7+ Kh5 62. Kc5 Rc3+ 63. Kd6 Rc6+ 64. Kd7 Ra6 65. Rh7+ Kg6 66. Rh6+ Kf5 67. g6 Ra7+ 68. Kd6 Ra6+ 69. Kc5 Rc6+ 70. Kb5 Rc8 71. g7 Bc6+ 72. Kb6 1-0

[Event "*** MasterClass Titled Tuesday Blitz"]
[Site "Chess.com"]
[Date "2017.12.05"]
[Round "6"]
[White "Rsnr"]
[Black "ChessQueen"]
[Result "1/2-1/2"]
[WhiteElo "2630"]
[BlackElo "2599"]
[TimeControl "180+2"]
[EndTime "15:35:25 PST"]
[Termination "Game drawn - insufficient material"]

1. d4 Nf6 2. c4 e6 3. Nf3 Bb4+ 4.
Nbd2 O-O 5. a3 Be7 6. e4 d6 7.
Bd3 e5 8. d5 Nbd7 9. O-O a5 10.
b3 Nh5 11. Bc2 Nf4 12. Re1 Nc5 13. Nf1 f5 14. exf5 Bxf5 15. Bxf4 Bxc2 16. Qxc2 Rxf4 17.
b4 Nd7 18. N3d2 Qf8 19. f3 Rh4 20. Ng3 g6 21. Nge4 Qh6 22. h3 Rf4 23. c5 Nf8 24. cxd6 Bxd6 25. Nxd6 cxd6 26. Ne4 Qg7 27. Rac1 axb4 28. axb4 Qd7 29. Qc7 Rd8 30. Qxd7 Nxd7 31.
Rc7 Nb6 32. Rd1 Rf7 33. Rc2 h6 34. Kf2 Kg7 35. Ke2 Rfd7 36. Rdd2 Ra8 37. Nc3 Kf7 38.
Rc1 Rc7 39. Rdc2 Rac8 40. Kd3 Ke7 41. Ra1 Rc4 42. Rb1 Kd7 43. Rbb2 Rd4+ 44. Ke2 Nxd5 45.
Nxd5 Rxd5 46. Rxc8 Kxc8 47. Rc2+ Kd7 48. Rc4 Rb5 49. Rg4 g5 50. h4 gxh4 51. Rxh4 h5 52. Kd3 Rd5+ 53. Kc3 Rd1 54. Rxh5 Rg1 55. Rg5 Kc6 56.
Rg7 b5 57. Rg8 Rc1+ 58. Kd3 Rb1 59. Kc3 Rg1 60. Kd3 Kd5 61. Rg7 Rb1 62. Kc3 Rc1+ 63. Kd3 Rc4 64. g4 Rxb4 65. g5 Rb3+ 66. Ke2 Ke6 67. g6 Kf6 68. Rg8 d5 69. Rd8 Kxg6 70.
Rxd5 Kf5 71. Rd8 Rc3 72. Rb8 Rc5 73. Ke3 Ke6 74. Ke4 Rc4+ 75. Ke3 b4 76. Kd3 Rd4+ 77. Ke3 Rh4 78. Kd3 Rd4+ 79. Ke3 Kd5 80. Rd8+ Kc4 81.
Rc8+ Kb3 82. Re8 Kc3 83. Rxe5 b3 84. Rc5+ Rc4 85. Rxc4+ Kxc4 86. Kd2 Kd4 87. Kc1 Ke3 88. Kb2 Kxf3 89. Kxb3 1/2-1/2

[Event "*** MasterClass Titled Tuesday Blitz"]
[Site "Chess.com"]
[Date "2017.12.05"]
[Round "7"]
[White "EndgameGrinder"]
[Black "Diwi89"]
[Result "0-1"]
[WhiteElo "2430"]
[BlackElo "2714"]
[TimeControl "180+2"]
[EndTime "15:39:00 PST"]
[Termination "Diwi89 won by resignation"]

1. e4 c5 2. Nf3 e6 3. d4 cxd4 4. Nxd4 Nf6 5. Nc3 Bb4 6. e5 Nd5 7. Bd2 Nxc3 8. bxc3 Be7 9. Qg4 O-O 10. Bh6 g6 11.
Bxf8 Bxf8 12. Qg3 Qa5 13. Be2 Bg7 14. f4 d6 15. exd6 Bxd4 16. O-O-O Bxc3 17. Rd3 Bf6 18. a3 Nd7 19. Rhd1 b6 20. Bf3 Rb8 21. Kb1 Nc5 22. d7 Bxd7 0-1

[Event "*** MasterClass Titled Tuesday Blitz"]
[Site "Chess.com"]
[Date "2017.12.05"]
[Round "7"]
[White "Angry_Serb"]
[Black "saraiva_80"]
[Result "1-0"]
[WhiteElo "2338"]
[BlackElo "1355"]
[TimeControl "180+2"]
[EndTime "15:39:22 PST"]
[Termination "Angry_Serb won by resignation"]

1. e4 c5 2. Nc3 d6 3. Nge2 Nf6 4. h3 a6 5. g4 Qc7 6. Bg2 e6 7. g5 Nfd7 8. f4 Be7 9. d3 b5 10. d4 cxd4 11. Qxd4 Bb7 12. Qxg7 Rf8 13. Qxh7 b4 14.
Nd1 Qxc2 15. O-O Nc5 16. Ng3 d5 17. Ne3 Qd3 18. Rd1 Qb5 19. exd5 exd5 20. Nxd5 Nbd7 21. Nc7+ Kd8 22. Nxb5 axb5 23. Bxb7 Nxb7 24. Qf5 Bc5+ 25. Kg2 Nd6 26. Rxd6 Bxd6 27. Qd5 Ke7 28. Nf5+ 1-0

[Event "*** MasterClass Titled Tuesday Blitz"]
[Site "Chess.com"]
[Date "2017.12.05"]
[Round "7"]
[White "josmito10"]
[Black "walkingcreep"]
[Result "1-0"]
[WhiteElo "2408"]
[BlackElo "2393"]
[TimeControl "180+2"]
[EndTime "15:39:44 PST"]
[Termination "josmito10 won by resignation"]

1. d4 Nf6 2. c4 g6 3. Nc3 Bg7 4. e4 d6 5. Nf3 O-O 6. Be2 e5 7. Be3 c6 8. d5 Ng4 9. Bg5 f6 10. Bd2 c5 11. O-O Nh6 12. Ne1 Nf7 13. Nd3 Nd7 14. b4 cxb4 15. Nxb4 Nc5 16. Be3 Bh6 17.
Bxc5 dxc5 18. Nd3 b6 19. Nb5 a6 20. Nc3 Nd6 21. a4 a5 22. Qb3 Bd7 23. Rfb1 Rb8 24.
Nb2 Qe7 25. Bd3 f5 26. Re1 f4 27. f3 g5 28. Nb5 Nxb5 29. cxb5 g4 30. d6+ Qf7 31. Bc4 1-0